Map: Celestial Enclave LE

Players

Sindyr - Winner!

  • Race: Zerg Zerg
  • League: Gold
  • Spawn Location: 7:00

Shinigami

  • Race: Protoss Protoss
  • League: Platinum
  • Spawn Location: 1:00

VOD

Have the link to the VOD?

Description

Time

  • Played on: Jan. 12, 2026, 11:39 a.m.
  • Length: 12:21
Show
View Real Time Build Order
Export as new Build Order

Sindyr Zerg - Winner!

Build Orders: Hatch First 

Get SALT Encoding   

  12  0:02  Drone  
  13  0:14  Drone  
  13  0:17  Extractor  
  13  0:19  Extractor  
  13  0:20  Drone  
  13  0:22  Drone  
  16  0:28  Overlord  
  16  0:47  Drone  
  17  0:55  Drone, Hatchery  
  17  0:58  Drone  
  17  1:01  Extractor  
  17  1:29  Spawning Pool  
  16  1:33  Drone x3  
  19  2:06  Overlord  
  18  2:17  Spine Crawler  
  18  2:20  Queen  
  19  2:24  Drone  
  19  2:27  Drone  
  21  2:37  Metabolic Boost  
  21  2:42  Overlord  
  21  2:51  Queen  
  23  3:26  Drone  
  26  3:27  Drone x2  
  26  3:49  Drone  
  26  3:50  Drone x2  
  26  3:55  Roach Warren  
  28  4:04  Lair  
  28  4:16  Spore Crawler  
  27  4:20  Spore Crawler  
  27  4:22  Spore Crawler  
  25  4:27  Spine Crawler  
  25  4:29  Drone  
  25  4:30  Drone x5  
  30  4:34  Extractor  
  29  4:40  Roach x3  
  29  4:41  Zergling x6  
  38  4:53  Drone  
  38  4:58  Extractor  
  38  5:10  Evolution Chamber  
  38  5:11  Evolution Chamber  
  36  5:16  Drone x3  
  36  5:18  Drone  
  36  5:19  Drone  
  41  5:44  Drone x3  
  41  5:47  Overlord x2  
  44  5:51  Zerg Missile Weapons Level 1  
  44  5:53  Zerg Ground Armor Level 1  
  44  6:11  Drone x3, Spine Crawler  
  44  6:12  Drone x3  
  44  6:16  Queen  
  51  6:24  Hatchery  
  50  6:41  Hatchery  
  50  6:45  Infestation Pit  
  48  6:50  Spore Crawler  
  48  6:52  Spore Crawler  
  46  6:55  Spore Crawler  
  45  7:22  Hive  
  45  7:36  Queen  
  47  7:38  Drone  
  48  7:48  Zerg Missile Weapons Level 2  
  48  7:49  Zerg Ground Armor Level 2  
  48  7:53  Drone x10  
  48  7:54  Hydralisk Den  
  48  7:58  Drone x2  
  59  7:59  Queen  
  59  8:00  Drone  
  62  8:10  Drone  
  63  8:14  Overlord x3  
  63  8:23  Overlord  
  63  8:30  Muscular Augments  
  63  8:32  Glial Reconstitution  
  63  8:35  Overseer  
  63  8:36  Overseer  
  63  8:58  Drone x2  
  63  8:59  Drone x4  
  63  9:01  Extractor  
  68  9:03  Extractor  
  68  9:05  Overseer  
  68  9:06  Drone x3  
  68  9:08  Overlord x2  
  68  9:09  Overlord x2  
  70  9:24  Drone  
  70  9:25  Drone  
  70  9:28  Drone  
  73  9:34  Grooved Spines  
  71  10:07  Spine Crawler  
  71  10:08  Spine Crawler  
  71  10:09  Spine Crawler  
  71  10:12  Spine Crawler  
  67  10:16  Spine Crawler  
  67  10:17  Spine Crawler  
  67  10:19  Spine Crawler  
  67  10:20  Drone x6  
  70  10:23  Spine Crawler  
  70  10:25  Pneumatized Carapace  
  69  10:47  Hydralisk x3, Roach x2  
  69  10:48  Roach x12, Hydralisk x3  
  107  10:50  Zergling x4  
  107  10:51  Zergling x2  
  107  10:52  Zergling x2  
  107  10:54  Zergling x2  
  107  10:55  Hatchery  
  107  10:56  Zergling x2  
  109  11:01  Hydralisk  
  109  11:02  Roach x2  
  109  11:10  Hydralisk Den  
  105  11:13  Roach Warren  
  105  11:14  Drone x3  
  103  11:20  Hydralisk, Roach  
  103  11:22  Roach  
  103  11:24  Roach  
  106  11:27  Roach  
  106  11:31  Overlord  
  106  11:32  Overlord  
  100  11:39  Hydralisk  
  98  11:40  Roach  
  98  11:41  Roach  
  98  11:43  Roach  
  98  11:45  Roach  
  106  11:47  Roach  
Show
View Real Time Build Order
Export as new Build Order

Shinigami Protoss 

Build Orders: Cannon Rush 

Get SALT Encoding   

  12  0:01  Probe  
  13  0:09  Probe  
  14  0:18  Probe  
  15  0:32  Pylon  
  15  0:54  Forge  
  15  1:11  Pylon  
  15  1:19  Pylon  
  15  1:43  Photon Cannon  
  15  1:45  Photon Cannon  
  15  1:57  Photon Cannon  
  15  1:59  Photon Cannon  
  15  2:24  Pylon  
  15  2:32  Pylon  
  15  2:37  Probe  
  15  2:41  Assimilator  
  16  2:46  Assimilator, Photon Cannon  
  16  2:49  Probe  
  16  2:50  Photon Cannon  
  17  2:53  Photon Cannon  
  17  3:01  Probe  
  17  3:13  Probe  
  17  3:18  Photon Cannon  
  18  3:40  Probe  
  18  3:51  Probe  
  19  3:56  Pylon  
  19  3:59  Probe, Pylon  
  19  4:07  Probe  
  21  4:18  Probe  
  21  4:24  Gateway  
  22  4:25  Gateway  
  22  4:27  Gateway  
  22  4:30  Gateway, Probe  
  23  4:32  Gateway  
  23  4:40  Probe  
  23  4:41  Nexus  
  24  4:48  Probe  
  25  4:57  Probe  
  26  5:17  Zealot, Nexus  
  28  5:33  Cybernetics Core  
  28  5:40  Probe  
  28  5:48  Probe, Zealot  
  32  5:57  Probe  
  32  6:03  Probe  
  33  6:09  Probe  
  35  6:11  Probe  
  35  6:13  Zealot x3  
  42  6:21  Probe x2  
  42  6:23  Zealot  
  46  6:26  Warp Gate  
  46  6:33  Probe  
  46  6:37  Gateway  
  47  6:41  Gateway  
  47  6:44  Gateway, Probe  
  47  6:45  Probe x2  
  47  6:52  Probe  
  47  6:53  Probe x2  
  50  6:58  Zealot x2  
  50  6:59  Zealot  
  59  7:02  Probe  
  59  7:05  Pylon  
  60  7:10  Pylon  
  60  7:12  Zealot x2  
  60  7:15  Protoss Ground Weapons Level 1  
  64  7:22  Pylon  
  64  7:30  Zealot  
  64  7:31  Zealot x3  
  72  7:44  Zealot x3  
  72  7:45  Zealot  
  80  8:00  Twilight Council  
  80  8:38  Stalker x5  
  80  8:39  Stalker x2  
  94  9:10  Stalker x2  
  94  9:11  Stalker  
  94  9:16  Protoss Shields Level 1  
  100  9:41  Pylon  
  100  9:45  Pylon  
  100  9:49  Pylon  
  100  9:57  Charge  
  100  10:21  Zealot x6  
  42  11:48  Zealot x3  
  42  11:49  Zealot x2  
  52  12:11  Stalker x6  
  52  12:12  Stalker x2  
Tags
 
Add a new tag
Caveats
  • Supply blocks, unpowered buildings, or Contaminate may cause inaccurate times.
  • Supply counts are checked every 10 seconds.